 Dungeon Crawl Stone Soup version 0.31.0-32-g396128a36d (webtiles) character file.

Game seed: 13905655796381043103

113318 Sunbaer the Warrior (level 15, 0/152 HPs)
             Began as a Minotaur Berserker on Apr 6, 2024.
             Was the Champion of Trog.
             Slain by an 11-headed hydra (4 damage)
             ... on level 4 of the Swamp.
             The game lasted 00:46:23 (27542 turns).

Sunbaer the Warrior (Minotaur Berserker)           Turns: 27542, Time: 00:46:24

Health: 0/152      AC: 39    Str: 27    XL:     15   Next: 88%
Magic:  12/12      EV: 16    Int:  4    God:    Trog [******]
Gold:   2968       SH:  0    Dex: 20    Spells: 14/14 levels left

rFire   + + +        y - +3 broad axe (chaos)
rCold   + + .        l - +2 kite shield {rC+}
rNeg    + . .        A - +10 crystal plate armour "Adaih" {Dex+4}
rPois   .            J - +2 hat {Stlth+}
rElec   +            a - +0 cloak
rCorr   .            (no gloves)
SInv    .            O - +0 pair of boots of Truth {rElec rC+ Str-5}
Will    +....        u - amulet of faith Stlth
                     E - ring of the Centaur {rF+++ rN+ Str+3 Dex+6 Slay-2}
HPRegen 0.00/turn    v - +5 ring of evasion
MPRegen 0.13/turn

%: faith
@: confused, lethally poisoned (0 -> -1), on berserk cooldown, inhibited regen,
slowed, very slow
A: horns 2, retaliatory headbutt, low MP 1, inhibited regeneration, subdued
magic 1, MP-powered wands
a: Renounce Religion, Berserk, Trog's Hand, Brothers in Arms


You were on level 4 of the Swamp.
You worshipped Trog.
Trog was exalted by your worship.
You visited 4 branches of the dungeon, and saw 25 of its levels.
You also visited: Bailey, Gauntlet and Ice Cave.

You collected 4392 gold pieces.
You spent 1424 gold pieces at shops.

Inventory:

Hand Weapons
 g - a +0 executioner's axe of venom
 y - a +3 broad axe of chaos (weapon)
Missiles
 i - 2 throwing nets (quivered)
Armour
 a - a +0 cloak (worn)
 l - a +2 kite shield of cold resistance (worn)
 A - the +10 crystal plate armour "Adaih" (worn) {Dex+4}
   (You bought it in a shop on level 5 of the Dungeon)

   Dex+4:     It affects your dexterity (+4).
 J - a +2 hat of stealth (worn)
 O - the +0 pair of boots of Truth (worn) {rElec rC+ Str-5}
   (You found it in a Gauntlet)

   Str-5:     It affects your strength (-5).
   rC+:       It protects you from cold.
   rElec:     It insulates you from electricity.
Jewellery
 h - a ring of flight
 u - an amulet of faith (around neck)
 v - a +5 ring of evasion (right hand)
 C - the ring of Free Will {rPois rF+ SInv}
   (You found it in a Gauntlet)

   [ring of see invisible]

   rF+:       It protects you from fire.
   rPois:     It protects you from poison SInv: It lets you see invisible.
 D - a +4 ring of protection
 E - the ring of the Centaur (left hand) {rF+++ rN+ Str+3 Dex+6 Slay-2}
   (You found it on level 1 of the Orcish Mines)

   [ring of dexterity]

   Str+3:     It affects your strength (+3).
   Dex+6:     It affects your dexterity (+6).
   Slay-2:    It affects your accuracy & damage with ranged weapons and melee
   (-2).
   rF+++:     It renders you almost immune to fire.
   rN+:       It protects you from negative energy.
 F - an amulet of reflection
 N - a ring of ice
 Z - a +5 ring of evasion
Wands
 j - a wand of iceblast (38)
 x - a wand of quicksilver (17)
 H - a wand of paralysis (27)
 I - a wand of flame (15)
 W - a wand of digging (4)
Scrolls
 c - 4 scrolls of enchant weapon
 k - 6 scrolls of vulnerability
 m - 2 scrolls of summoning
 n - 3 scrolls of fog
 p - a scroll of immolation
 r - 6 scrolls of enchant armour
 s - 5 scrolls of silence
 w - 7 scrolls of poison
 z - 7 scrolls of teleportation
 U - a scroll of identify
 X - 2 scrolls of noise
 Y - 3 scrolls of fear
Potions
 b - 5 potions of haste
 f - 5 potions of enlightenment
 q - 2 potions of attraction
 t - a potion of invisibility {unknown}
 B - 2 potions of might
 G - 2 potions of resistance
 K - a potion of ambrosia
 L - a potion of experience {unknown}
 M - a potion of magic {unknown}
 P - a potion of curing
 Q - a potion of heal wounds
 R - a potion of lignification {unknown}
 T - a potion of berserk rage
 V - 2 potions of cancellation {unknown}
Miscellaneous
 d - a phantom mirror
 e - a box of beasts
 S - a lightning rod (4/4)


   Skills:
 * Level 19.5 Fighting
 + Level 19.2 Axes
 * Level 16.0 Armour
 * Level 12.0 Dodging
 + Level 5.7 Shields


You had 14 spell levels left.
You didn't know any spells.
Your spell library was empty.

Dungeon Overview and Level Annotations

Branches:
Dungeon (14/15)            Temple (0/1) D:7            Lair (5/5) D:8
  Swamp (4/4) Lair:3       Spider (0/4) Lair:3        Slime (0/5) Lair:4
    Orc (2/2) D:9             Elf (0/3) Orc:2        Vaults (0/5) D:14
 Bailey (visited)           IceCv (visited)         Gauntlet (visited)

Altars:
Ashenzari
Dithmenos
Elyvilon
Fedhas
Gozag
Okawaru
Sif Muna
Trog
Vehumet
Wu Jian
Xom
The Shining One
Lugonu

Shops:
D:5 [   D:6 *   Orc:2 :(*[


Innate Abilities, Weirdness & Mutations

You have a pair of horns on your head.
You reflexively headbutt those who attack you in melee.
Your magical capacity is low. (-10% MP)
You do not regenerate when monsters are visible.
Your spells are a little easier to cast, but a little less powerful.
You expend magic power (3 MP) to strengthen your wands.


Message History

The 11-headed hydra bites you but does no damage. x2
The 11-headed hydra misses you.
The 11-headed hydra bites you but does no damage.
The 11-headed hydra barely misses you. The 11-headed hydra bites you!
* * * LOW HITPOINT WARNING * * *
You feel a strong urge to attack something.
You are no longer berserk.
You are exhausted.
You feel yourself slow down. The swamp drake breathes poison at you.
The noxious blast engulfs you but does no damage.
You are poisoned.
The 11-headed hydra bites you but does no damage.
The 11-headed hydra barely misses you.
The 11-headed hydra bites you but does no damage.
The 11-headed hydra barely misses you.
The 11-headed hydra bites you but does no damage.
The 11-headed hydra completely misses you.
The 11-headed hydra bites you but does no damage. x4
The 11-headed hydra completely misses you.
The will-o-the-wisp closely misses you.
Unknown command.
You closely miss the 11-headed hydra.
The 11-headed hydra is severely wounded.
You closely miss the bunyip. You barely miss the swamp drake.
You slash the will-o-the-wisp!
The will-o-the-wisp appears confused.
You are engulfed in noxious fumes.
You feel sick.
The swamp drake bites you but does no damage.
The bunyip claws you!
* * * LOW HITPOINT WARNING * * *
The bunyip closely misses you. The bunyip completely misses you.
The 11-headed hydra bites you but does no damage.
The 11-headed hydra bites you.
* * * LOW HITPOINT WARNING * * *
The 11-headed hydra closely misses you.
The 11-headed hydra bites you but does no damage. x2
The 11-headed hydra closely misses you.
The 11-headed hydra bites you but does no damage.
The 11-headed hydra barely misses you. The 11-headed hydra bites you.
You die...

~~~~,~~~≈≈≈≈≈~.~~~~.~♣~~.~~..~♣♣
~~~~,~~~≈≈≈≈~~.~.~~~~.~§~.~~~.~♣
~~~~~,,~≈~≈~~.♣.♣♣.~~~...~~~~~.♣♣
~~~~~,,......♣♣♣...~~~.~♣♣~~~~§..
~~~,,,,.~~~.§♣♣.~~~~.♣♣♣♣.~~...~~
~~,,,~,§~~~~...~~~~~.♣*♣~~.~....~
**,,,,~~~§§~~.°~~~~.♣♣§.~~♣.~~~.♣
**,~,~~~~~~~.°°v°~.♣§~~...♣~~~.♣
***,~~~.~...~x@°..♣~...♣♣♣♣.[.♣
** *,~~§.~~~~~xD♣♣♣♣♣..♣♣♣♣.~.).
,******~..§~~~~)k♣ ♣~~..♣♣.....÷
~,,* *,...§~~~†.~♣**♣.~~♣♣♣♣~..<.
,~,* **♣..~~~~~<~§♣~.,,.♣~♣♣..♣♣♣
,,,* **~..~~~..♣♣~~.,,~~.~.~..♣♣♣
,~** *~~.~...~♣♣*~~§~~~~~~~~~..♣♣
~** **~~.~♣♣♣♣* *.~~~~~~..~~~~§.~
** *~~~..* ****.~~~~...~~~~...♣


You could see 2 bunyips, a 11-headed hydra (very poisoned), a will-o-the-wisp
(confused) and a swamp drake (catching breath).

Vanquished Creatures
  Gastronok (D:8)
  Kirke (Lair:3)
  An orc warlord (Orc:1)
  A quicksilver ooze (Gauntlet)
  2 eleionomae
  A bunyip (Swamp:4)
  3 dire elephants (Lair:5)
  A minotaur (Gauntlet)
  An ice dragon (IceCv)
  6 hydras
  A ghost crab (Swamp:3)
  5 centaur warriors
  4 alligators
  8 two-headed ogres
  3 boulder beetles
  A tengu warrior (D:12)
  2 death yaks (Lair:5)
  4 orc high priests (Orc:2)
  The ghost of AbbaRin the Thaumaturge, a journeyman DECj of Sif Muna (Orc:1)
  A deep elf knight (D:14)
  Nergalle (Lair:2)
  2 skysharks
  2 spectral death yaks (Lair:5)
  2 goliath frogs
  A spectral anaconda (Lair:5)
  3 swamp dragons
  An orange crystal statue (Gauntlet)
  An obsidian statue (Lair:5)
  A lindwurm (Lair:2)
  A deep elf zephyrmancer (D:14)
  4 necromancers (Lair:5)
  6 orc knights
  5 orc sorcerers (Orc:2)
  3 deep elf pyromancers (D:14)
  3 ugly things
  3 cyclopes
  2 will-o-the-wisps
  2 manticores
  3 meliai (Lair:4)
  17 elephants
  A kobold blastminer (Orc:2)
  2 dire elephant zombies (Lair:5)
  3 black mambas
  2 ice statues (IceCv)
  16 cane toads
  A gargoyle (D:12)
  An unseen horror (D:12)
  8 rime drakes
  5 kobold demonologists
  5 komodo dragons
  2 yaktaurs (D:14)
  A tengu conjurer (D:13)
  3 hornets
  3 tyrant leeches
  Grinder (D:4)
  5 trolls
  A polar bear (Lair:2)
  10 dream sheep
  20 slime creatures
  3 vampires
  11 spriggans
  4 wraiths
  2 shadows
  45 yaks
  3 wyverns
  3 humans (Lair:3)
  2 basilisks
  5 neqoxecs (Orc:1)
  2 steam dragons
  4 vampire mosquitoes
  A warg (Orc:1)
  Menkaure (D:6)
  6 swamp worms
  A spectral cane toad (Lair:5)
  2 acid dragons (D:8)
  9 water moccasins
  Duvessa (D:4)
  A swamp drake (Lair:3)
  2 black bears
  2 ice beasts
  40 orc warriors
  A sky beast (D:7)
  3 laughing skulls
  A boggart (D:12)
  7 ogres
  20 centaurs
  4 elephant skeletons (Lair:5)
  3 wolves (Lair:3)
  A phantom (D:5)
  9 kobold brigands
  2 gnoll sergeants
  5 bullfrogs
  2 cane toad simulacra (Lair:5)
  2 scorpions
  Dowan (D:4)
  5 wights (D:9)
  2 lindwurm simulacra (IceCv)
  36 killer bees
  A howler monkey (D:9)
  An electric eel (D:8)
  A crimson imp (D:3)
  7 komodo dragon simulacra (IceCv)
  3 quasits (Orc:1)
  3 hounds
  4 jellies (Lair:4)
  13 orc priests
  3 iguanas
  A gnoll bouda (D:5)
  2 hell rats (Lair:1)
  A sleepcap (D:6)
  19 orc wizards
  12 gnolls
  10 adders
  7 river rats (Lair:1)
  7 acid dragon simulacra (IceCv)
  A shadow imp (D:6)
  2 white imps (D:6)
  2 ufetubi (D:7)
  5 steam dragon simulacra (IceCv)
  A dart slug (D:1)
  A ribbon worm (D:2)
  87 orcs
  8 ball pythons
  7 bats
  9 endoplasms
  3 giant cockroaches
  9 goblins
  11 hobgoblins
  4 jackals (D:3)
  4 quokkas
  2 frilled lizards
  A goblin skeleton (D:3)
  2 goblin zombies (D:3)
  5 hobgoblin zombies (D:3)
  14 kobolds
  A kobold skeleton (D:3)
  A kobold zombie (D:3)
  8 rats
738 creatures vanquished.

Vanquished Creatures (others)
  An ogre mage (D:14)
  An elephant (Lair:5)
  2 orc wizards
  An orc zombie (Orc:1)
  18 foxfires
23 creatures vanquished.

Grand Total: 761 creatures vanquished

Notes
Turn   | Place    | Note
-------+----------+-------------------------------------------
     0 | D:1      | Sunbaer the Minotaur Berserker began the quest for the Orb.
     0 | D:1      | Reached XP level 1. HP: 19/19 MP: 0/0
   110 | D:1      | Reached XP level 2. HP: 28/28 MP: 1/1
   315 | D:1      | You fall into a shaft and drop 1 floor!
   525 | D:1      | Reached skill level 5 in Fighting
   526 | D:1      | Reached XP level 3. HP: 32/36 MP: 2/2
   602 | D:2      | Reached ** piety under Trog
   834 | D:2      | Reached XP level 4. HP: 41/44 MP: 3/3
  1240 | D:3      | Found a blossoming altar of Fedhas.
  1282 | D:3      | Found a glowing golden altar of the Shining One.
  1327 | D:3      | Reached XP level 5. HP: 51/51 MP: 4/4
  1552 | D:3      | Reached *** piety under Trog
  2106 | D:4      | Noticed Dowan
  2107 | D:4      | Noticed Duvessa
  2114 | D:4      | Killed Duvessa
  2115 | D:4      | Reached XP level 6. HP: 62/62 MP: 5/5
  2116 | D:4      | Killed Dowan
  2203 | D:4      | Noticed Grinder
  2219 | D:4      | Paralysed by Grinder for 5 turns
  2233 | D:4      | Killed Grinder
  2234 | D:4      | Reached XP level 7. HP: 21/71 MP: 6/6
  2293 | D:4      | Identified the +1 orcbow of Conscience {flame, ^Fragile
                  | Str+3 Int+5}
  2360 | D:4      | Reached skill level 10 in Fighting
  2499 | D:4      | Identified the +9 mace "Leixotou" {heavy, rF- rN+ MP+9
                  | Int+3}
  2617 | D:4      | Found an ornate altar of the Wu Jian Council.
  2710 | D:5      | Entered Level 5 of the Dungeon
  3199 | D:5      | Found an opulent altar of Gozag.
  3199 | D:5      | Found an iron altar of Okawaru.
  3201 | D:5      | Found a white marble altar of Elyvilon.
  3461 | D:5      | Found Xiudues's Armour Boutique.
  3471 | D:5      | Identified a scroll of acquirement
  3474 | D:5      | Acquired 742 gold pieces
  3910 | D:5      | Reached XP level 8. HP: 58/82 MP: 7/7
  4480 | D:6      | Reached **** piety under Trog
  4512 | D:6      | Noticed Menkaure
  4526 | D:6      | Killed Menkaure
  4527 | D:6      | Reached skill level 5 in Axes
  4558 | D:6      | HP: 3/83 [something (3)]
  4559 | D:6      | Gained mutation: You do not regenerate when monsters are
                  | visible. [potion of mutation]
  4559 | D:6      | Gained mutation: You expend magic power (3 MP) to
                  | strengthen your wands. [potion of mutation]
  4561 | D:6      | HP: 1/83 [shadow imp (2)]
  5271 | D:6      | Found a bloodstained altar of Trog.
  5322 | D:6      | Reached skill level 5 in Armour
  5461 | D:6      | Reached XP level 9. HP: 72/90 MP: 8/8
  5699 | D:6      | Found Baps's Serpentskin Sales.
  5864 | D:7      | Found a shimmering blue altar of Sif Muna.
  5879 | D:7      | Found a shimmering altar of Xom.
  5902 | D:7      | Found a flagged portal.
  5911 | Bailey   | Entered a bailey
  6256 | Bailey   | Reached ***** piety under Trog
  6677 | Bailey   | Reached skill level 5 in Dodging
  6979 | Bailey   | Reached XP level 10. HP: 65/99 MP: 2/9
  7138 | Bailey   | Reached skill level 10 in Axes
  7606 | D:7      | Acquired 726 gold pieces
  7648 | D:5      | Bought the +10 crystal plate armour "Adaih" {Dex+4} for
                  | 1424 gold pieces
  7802 | D:7      | Found a staircase to the Ecumenical Temple.
  8346 | D:8      | Noticed a two-headed ogre
  8350 | D:8      | Noticed Gastronok
  8357 | D:8      | Killed a two-headed ogre
  8363 | D:8      | Killed Gastronok
  8457 | D:8      | Found a staircase to the Lair.
  8967 | D:9      | Found a broken altar of Ashenzari.
  9017 | D:9      | Noticed a two-headed ogre
  9024 | D:9      | Killed a two-headed ogre
  9025 | D:9      | Reached XP level 11. HP: 98/106 MP: 10/10
  9030 | D:9      | Noticed a two-headed ogre
  9036 | D:9      | Killed a two-headed ogre
  9730 | D:9      | Received a gift from Trog
  9974 | D:9      | Reached skill level 10 in Armour
 10298 | D:9      | Reached ****** piety under Trog
 10530 | D:9      | Found a staircase to the Orcish Mines.
 10598 | D:10     | Entered Level 10 of the Dungeon
 10846 | D:10     | Noticed a two-headed ogre
 10852 | D:10     | Killed a two-headed ogre
 10982 | D:10     | Identified the +6 dagger of Ewafoiz {freeze, Dex+6}
 11346 | D:11     | Noticed a green ugly thing
 11352 | D:11     | Killed a green ugly thing
 11432 | D:11     | Noticed a brown ugly thing
 11446 | D:11     | Killed a brown ugly thing
 12011 | D:11     | Found a corrupted altar of Lugonu.
 12250 | D:11     | Noticed a sun demon
 12298 | D:12     | Noticed a two-headed ogre
 12302 | D:12     | Killed a two-headed ogre
 12303 | D:12     | Reached XP level 12. HP: 117/117 MP: 11/11
 12374 | D:12     | Received a gift from Trog
 12749 | D:12     | Noticed a boulder beetle
 12751 | D:12     | Noticed a boulder beetle
 12758 | D:12     | Noticed a centaur warrior
 12760 | D:12     | Killed a boulder beetle
 12764 | D:12     | Killed a boulder beetle
 12770 | D:12     | Killed a centaur warrior
 12775 | D:12     | Noticed a tengu warrior
 12785 | D:12     | Killed a tengu warrior
 13137 | D:12     | Reached skill level 15 in Fighting
 13749 | D:13     | Identified the +10 mace of the Lamprey {flame, Dex+5}
 13755 | D:13     | Found a shadowy altar of Dithmenos.
 13883 | D:13     | Noticed a centaur warrior
 13893 | D:13     | Killed a centaur warrior
 14110 | D:13     | Noticed a centaur warrior
 14118 | D:13     | Killed a centaur warrior
 14119 | D:13     | Reached skill level 15 in Axes
 14919 | D:14     | Noticed a centaur warrior
 14933 | D:14     | Killed a centaur warrior
 14991 | D:14     | Noticed a two-headed ogre
 14996 | D:14     | Killed a two-headed ogre
 14997 | D:14     | Reached XP level 13. HP: 119/127 MP: 12/12
 15200 | D:14     | Paralysed by an ogre mage for 5 turns
 15220 | D:14     | Received a gift from Trog
 15512 | D:14     | Found a gate to the Vaults.
 15794 | D:14     | Found a radiant altar of Vehumet.
 16243 | Lair:1   | Entered Level 1 of the Lair of Beasts
 17278 | Lair:2   | Found a frozen archway.
 17287 | Lair:2   | Noticed Nergalle
 17299 | Lair:2   | Killed Nergalle
 17341 | IceCv    | Entered an ice cave
 17723 | IceCv    | Reached skill level 10 in Dodging
 17898 | IceCv    | Received a gift from Trog
 18327 | Lair:2   | Reached XP level 14. HP: 113/138 MP: 13/13
 19642 | Lair:3   | Noticed Kirke
 19643 | Lair:3   | You fall into a shaft and drop 2 floors!
 19643 | Lair:5   | Entered Level 5 of the Lair of Beasts
 20039 | Lair:5   | Got an earthy gem with 795 turns to spare
 20278 | Lair:5   | Received a gift from Trog
 20849 | Lair:5   | Reached skill level 1 in Shields
 21344 | Lair:4   | Found a gate leading to a gauntlet.
 21408 | Gauntlet | Entered a Gauntlet
 21408 | Gauntlet | Found a transporter.
 21411 | Gauntlet | Found a transporter.
 21415 | Gauntlet | Noticed a quicksilver ooze
 21428 | Gauntlet | Found a transporter.
 21433 | Gauntlet | Found a transporter.
 21443 | Gauntlet | Found a transporter.
 21464 | Gauntlet | Found a transporter.
 21482 | Gauntlet | Found a transporter.
 21496 | Gauntlet | Found a transporter.
 21497 | Gauntlet | Found a transporter.
 21500 | Gauntlet | Found a transporter.
 21501 | Gauntlet | Found a transporter.
 21511 | Gauntlet | Found a transporter.
 21541 | Gauntlet | Killed a quicksilver ooze
 21587 | Gauntlet | Identified the ring of Free Will {rPois rF+ SInv}
 21619 | Gauntlet | Identified the +0 pair of boots of Truth {rElec rC+ Str-5}
 21705 | Gauntlet | Identified the ring "Taofof" {rF+ MP+9}
 21783 | Lair:4   | Received a gift from Trog
 21784 | Lair:4   | Reached skill level 15 in Armour
 21861 | Lair:4   | Reached XP level 15. HP: 140/149 MP: 14/14
 22542 | Lair:4   | Found a staircase to the Slime Pits.
 22950 | Lair:3   | Found a staircase to the Swamp.
 23291 | Lair:3   | Killed Kirke
 23315 | Lair:3   | Found a hole to the Spider Nest.
 23915 | Orc:1    | Entered Level 1 of the Orcish Mines
 24213 | Orc:1    | Found a transporter.
 24224 | Orc:1    | Noticed AbbaRin's ghost (journeyman DECj)
 24243 | Orc:1    | Found a transporter.
 24572 | Orc:1    | Gained mutation: Your spells are a little easier to cast,
                  | but a little less powerful. [a neqoxec]
 24580 | Orc:1    | Gained mutation: Your magical capacity is low. (-10% MP) [a
                  | neqoxec]
 24590 | Orc:1    | Killed AbbaRin's ghost
 24622 | Orc:1    | Got the ring of the Centaur {rF+++ rN+ Str+3 Dex+6 Slay-2}
 24655 | Orc:2    | Entered Level 2 of the Orcish Mines
 24662 | Orc:2    | Received a gift from Trog
 24751 | Orc:2    | Found Jafukk's Antique Armour Boutique.
 24876 | Orc:2    | Found a staircase to the Elven Halls.
 24881 | Orc:2    | Found Ywolatzu's Antique Weapon Shoppe.
 25648 | Orc:2    | Found Riquc's General Store.
 26161 | Orc:2    | Found Pege's Book Emporium.
 26719 | Swamp:1  | Entered Level 1 of the Swamp
 26850 | Swamp:2  | Reached skill level 5 in Shields
 27099 | Swamp:4  | Entered Level 4 of the Swamp
 27538 | Swamp:4  | Received a gift from Trog
 27542 | Swamp:4  | HP: 5/152 [bunyip (15)]
 27542 | Swamp:4  | Slain by an 11-headed hydra

Illustrated notes

Levels and vault maps discovered:
D:1:      lightli_arrival_flooded_house, layout_rooms
D:2:      layout_basic
D:3:      layout_basic, nicolae_tso_besieged_by_evil, lemuel_crystal_altar
D:4:      layout_rooms, nzn_wu_jian_council_hall,
          hangedman_decor_diamond_cutter, minmay_checkerbox, uniq_duvessa,
          uniq_grinder
D:5:      layout_layer_cave, nicolae_overflow_hidden_temple, serial_shops, shop
D:6:      layout_gridville, trog_hazing_becter, guppyfry_shop_venom,
          uniq_menkaure
D:7:      layout_loops_cross, mainiacjoe_overflow_large_starburst,
          temple_doors_e, enter_bailey_2
D:8:      layout_rooms, lair_entry_dummy, chequers_serial_rivers_micro_b,
          glass_columns_a, minivault_10, minivault_4, uniq_gastronok
D:9:      layout_loops_ring, cheibrodos_ashenzari_chains, david_orc_4,
          minmay_diced_spiral
D:10:     layout_irregular_city
D:11:     layout_loops_corners, marbit_kobold_abyssish
D:12:     layout_stronghold, nicolae_doodle_vault
D:13:     layout_stronghold, grunt_dithmenos_smoke
D:14:     layout_roguey, hangedman_vaults_entry_quadrant_bands, vehumet_crystals
Lair:1:   layout_regular_city, kennysheep_abandoned_house
Lair:2:   layout_regular_city, portal_ice_cave_rime,
          chequers_serial_rivers_large_a, serial_bayou_shore_b, uniq_nergalle
Lair:3:   layout_cave_pods, mainiacjoe_swamp_entry_lozenge_pond,
          dummy_spider_entry, serial_bayou_shore_b, serial_bayou_shore_a,
          uniq_kirke
Lair:4:   wad_woods_minihive, layout_cave_shapes,
          nicolae_slime_entry_slimehenge, gauntlet_entry_generic
Lair:5:   due_jungle_book, layout_gridlike
Swamp:1:  layout_falls_marsh, gammafunk_ghost_mausoleum, nicolae_swamp_bean_lake
Swamp:2:  layout_basic_swamp, nicolae_swamp_stuck_in_the_mud, swamp_pool_1_2,
          uniq_louise, uniq_frances
Swamp:3:  layout_falls_marsh, gammafunk_ghost_necromancy, serial_swamp_ruin,
          evilmike_swamp_ruin_house_4, evilmike_swamp_ruin_house_2
Swamp:4:  swamp_basic_johnstein, layout_basic_swamp, infiniplex_staircase_pool_2
Orc:1:    layout_caves, gammafunk_ghost_stat_death
Orc:2:    grunt_orc_gardens, layout_diamond_mine, grunt_orc_garden,
          grunt_orc_garden, grunt_orc_garden, grunt_orc_garden, basic_altar

Skill      XL: |  1  2  3  4  5  6  7  8  9 10 11 12 13 14 15 |
---------------+----------------------------------------------+-----
Fighting       | 4 5 6 8 9 11 12 14 15 16 18 19 | 19.5
Axes           | 6 9 12 13 15 17 18 19 | 19.2
Armour         | 5 7 9 11 12 13 15 16 | 16.0
Dodging        | 3 5 6 7 8 10 11 12 | 12.0
Shields        | 2 5 |  5.7

Action                     |  1- 3 |  4- 6 |  7- 9 | 10-12 | 13-15 || total
---------------------------+-------+-------+-------+-------+-------++-------
  Melee: Hand axe          |    78 |   117 |    79 |       |       ||   274
         Headbutt          |    10 |    18 |    36 |    82 |   230 ||   376
         Punch             |     1 |     2 |       |       |       ||     3
         Mace              |       |       |    21 |       |       ||    21
         Battleaxe         |       |       |    61 |       |       ||    61
         Bardiche          |       |       |     3 |   175 |       ||   178
         Executioner's axe |       |       |       |   221 |   371 ||   592
         Broad axe         |       |       |       |       |   541 ||   541
 Invoke: Berserk           |       |     1 |     4 |     2 |    10 ||    17
  Evoke: Wand              |       |       |    43 |       |     4 ||    47
    Use: Scroll            |       |       |    11 |     5 |    13 ||    29
         Potion            |       |       |     8 |     3 |     6 ||    17
   Stab: Confused          |       |       |       |       |     4 ||     4
         Distracted        |       |       |       |       |     2 ||     2
         Paralysed         |       |       |       |       |     2 ||     2
         Petrified         |       |       |       |       |     2 ||     2
 Armour: Chain mail        |    84 |    99 |    76 |       |       ||   259
         Skin              |       |       |    31 |       |       ||    31
         Plate armour      |       |       |   120 |    84 |       ||   204
         Crystal plate arm |       |       |       |   505 |  1022 ||  1527
  Dodge: Dodged            |    61 |    54 |   219 |   423 |   665 ||  1422
  Block: Kite shield       |       |       |       |       |   423 ||   423
